 Dungeon Crawl Stone Soup version 0.27-a0-1358-ga0a28fc8c3 (webtiles) character file.

Game seed: 11480399626804854509

484 Delamore the Covert (level 7, -10/49 HPs)
             Began as an Octopode Brigand on June 28, 2021.
             Mangled by a worm (11 damage)
             ... on level 4 of the Dungeon.
             The game lasted 00:03:12 (3294 turns).

Delamore the Covert (Octopode Brigand)              Turns: 3294, Time: 00:03:13

Health: -10/49     AC:  1    Str: 10    XL:     7   Next: 12%
Magic:  7/7        EV: 12    Int: 14    God:
Gold:   105        SH:  0    Dex: 15    Spells: 6/6 levels left

rFire    . . .     SeeInvis .   f - +1 dagger (flame)
rCold    . . .     Faith    .   (no shield)
rNeg     . . .     Spirit   .   (helmet restricted)
rPois    .         Reflect  .   (no amulet)
rElec    .         Harm     .   (no ring)
rCorr    .         Rampage  .   (no ring)
Will     .....                  (no ring)
Stlth    +++++.....             (no ring)
HPRegen  0.16/turn              (no ring)
MPRegen  0.10/turn              (no ring)
                                (no ring)
                                (no ring)

@: no status effects
A: almost no armour, amphibious, 8 rings, camouflage 1, gelatinous body 1,
(nimble swimmer 1), tentacles
a: no special abilities


You were on level 4 of the Dungeon.
You visited 1 branch of the dungeon, and saw 4 of its levels.

You collected 105 gold pieces.

Inventory:

Hand Weapons
 a - a +2 dagger
 f - a +1 dagger of flaming (weapon)
Missiles
 b - 8 poisoned darts
 c - 3 curare-tipped darts (quivered)
 e - 5 javelins
Potions
 d - 2 potions of attraction
 g - a potion of curing {unknown}
 h - 2 potions of invisibility {unknown}
 i - a potion of haste {unknown}
 j - a potion of lignification {unknown}


   Skills:
 + Level 4.5 Fighting
 + Level 4.6 Short Blades
 - Level 2.0 Throwing
 - Level 1.0 Dodging
 + Level 8.0 Stealth


You had 6 spell levels left.
You didn't know any spells.
Your spell library was empty.

Dungeon Overview and Level Annotations

Branches:
Dungeon (4/15)
 Temple: D:4-7

Altars:
Cheibriados
Ru

Shops:
D:3 (


Innate Abilities, Weirdness & Mutations

You cannot wear most types of armour.
You are amphibious.
You can wear up to eight rings at the same time.
Your skin changes colour to match your surroundings (Stealth+).
Your rubbery body absorbs attacks. (AC +1, EV +1)
((You are camouflaged near water. (Stealth+)))
You have tentacles for arms and can constrict up to eight enemies at once.


Message History

You constrict the orc wizard. The hound skeleton bites you.
The orc hits you from afar with a +0 trident.
The orc wizard closely misses you. The orc hits you but does no damage.
The orc wizard gestures at you while chanting.
You resist with some effort.
You hit the orc wizard but do no damage.
You squeeze the orc wizard!
The orc wizard is almost dead.
You constrict the orc wizard.
You kill the orc wizard!
The hound skeleton barely misses you. The orc hits you with a +0 morningstar.
The orc hits you from afar with a +0 trident!
The orc completely misses you.
Your Stealth skill increases to level 8!
You are too injured to fight recklessly!
You are too injured to fight recklessly!
You are too injured to fight recklessly!
You are too injured to fight recklessly!
You are too injured to fight recklessly!
You are too injured to fight recklessly!
The hound skeleton completely misses you.
The orc closely misses you.
The hound skeleton bites you but does no damage.
The orc wizard points at you and mumbles some strange words.
You are confused.
The worm barely misses you. The orc closely misses you.
The orc barely misses you.
The orc hits you from afar with a +0 trident.
The orc hits you with a +0 morningstar.
There is a stone staircase leading up here.
In your confused state, you trip and fall back down the stairs.
You feel less confused. The worm bites you!
* * * LOW HITPOINT WARNING * * *
The hound skeleton bites you.
* * * LOW HITPOINT WARNING * * *
The orc hits you with a +0 morningstar.
* * * LOW HITPOINT WARNING * * *
The hound skeleton misses you. The worm bites you!
You die...

####
....###################
........................
.......?................
........................
.......oZ..†............
.......@.oo.............
........wo..............
................).......
................).......
........................
........................
........................
................(.......
..................?....


You could see a worm, an orc wizard, 3 orcs and a hound skeleton.

Vanquished Creatures
  Sigmund (D:3)
  A hound (D:4)
  Crazy Yiuf (D:3)
  Jessica (D:3)
  Terence (D:3)
  An orc wizard (D:4)
  Natasha (thrice) (D:3)
  Robin (D:3)
  An adder (D:3)
  2 worms
  4 dart slugs
  2 orcs
  5 bats
  3 endoplasms (D:2)
  6 giant cockroaches
  14 goblins
  8 hobgoblins
  4 jackals (D:3)
  3 quokkas
  6 ball pythons
  2 frilled lizards
  5 kobolds
  10 rats
85 creatures vanquished.

Notes
Turn   | Place    | Note
-------+----------+-------------------------------------------
     0 | D:1      | Delamore the Octopode Brigand began the quest for the Orb.
     0 | D:1      | Reached XP level 1. HP: 14/14 MP: 1/1
     7 | D:1      | Found a faded altar of an unknown god.
   347 | D:1      | Reached XP level 2. HP: 19/19 MP: 2/2
   836 | D:2      | Reached XP level 3. HP: 17/25 MP: 3/3
  1163 | D:2      | Reached skill level 6 in Stealth
  1761 | D:3      | Noticed Sigmund
  1762 | D:3      | Reached XP level 4. HP: 30/30 MP: 4/4
  1769 | D:3      | Killed Sigmund
  1770 | D:3      | Reached skill level 7 in Stealth
  1770 | D:3      | Reached XP level 5. HP: 35/37 MP: 5/5
  1864 | D:3      | Found a snail-covered altar of Cheibriados.
  1887 | D:3      | Found a sacrificial altar of Ru.
  1891 | D:3      | Reached XP level 6. HP: 43/43 MP: 6/6
  1904 | D:3      | Noticed Robin
  1919 | D:3      | Killed Robin
  2239 | D:3      | Found Nicixo's Antique Weapon Shoppe.
  2374 | D:3      | Noticed Jessica
  2380 | D:3      | Killed Jessica
  2568 | D:3      | Noticed Natasha
  2568 | D:3      | Noticed Terence
  2575 | D:3      | Killed Natasha
  2580 | D:3      | Killed Terence
  2587 | D:3      | Noticed Natasha
  2595 | D:3      | Killed Natasha
  2962 | D:3      | Found a runed translucent door.
  2963 | D:3      | Noticed Crazy Yiuf
  3061 | D:3      | Noticed Natasha
  3068 | D:3      | Killed Natasha
  3120 | D:3      | Identified the +2 cloak "Okyph" {Int+3}
  3227 | D:3      | Killed Crazy Yiuf
  3266 | D:4      | Reached XP level 7. HP: 49/49 MP: 7/7
  3279 | D:4      | Reached skill level 8 in Stealth
  3294 | D:4      | HP: 1/49 [orc (5)]
  3294 | D:4      | Mangled by a worm

Illustrated notes

Levels and vault maps discovered:
D:1:      minmay_arrival_up_and_down, layout_loops_cross,
          chequers_ecumenical_altar_simple
D:2:      layout_basic, minmay_pentomino_pile
D:3:      layout_rooms, nicolae_overflow_crystal_walls,
          nicolae_ru_great_annihilating_truth, serial_shops,
          nicolae_shop_behind_doors, minivault_5, kennysheep_jessica_study,
          uniq_crazy_yiuf_cottage, uniq_robin, uniq_natasha, uniq_terence,
          uniq_sigmund
D:4:      layout_basic, vehumet_altar_wand_db, uniq_ijyb

Skill      XL: |  1  2  3  4  5  6  7 |
---------------+----------------------+-----
Stealth        | 6 7 8 |  8.0
Fighting       | 3 4 |  4.5
Short Blades   | 3 4 |  4.6
Throwing       | |  2.0
Dodging        | |  1.0

Action                   |  1- 3 |  4- 6 |  7- 9 || total
-------------------------+-------+-------+-------++-------
Melee: Dagger            |    55 |    74 |     5 ||   134
       Constrict         |     9 |    15 |     3 ||    27
       Tentacles         |     5 |     8 |     3 ||    16
Throw: Dart              |       |    10 |       ||    10
  Use: Scroll            |     5 |       |       ||     5
       Potion            |       |     1 |       ||     1
 Stab: Sleeping          |    23 |    10 |       ||    33
       Distracted        |       |     1 |       ||     1
       Paralysed         |       |     1 |       ||     1
Armor: Skin              |     2 |     2 |     2 ||     6
Dodge: Dodged            |    18 |    40 |    13 ||    71

Table legend: (Time is in decaauts)
 A = Elapsed time spent in this place.
 B = Non-inter-level travel time spent in this place.
 C = Inter-level travel time spent in this place.
 D = Time resting spent in this place.
 E = Time spent auto-exploring this place.
 F = Levels seen in this place.
 G = Mean time per level.
                   A        B        C        D        E       F      G
               +--------+--------+--------+--------+--------+-----+--------+
         Total |   3269 |   3148 |    121 |    483 |   2250 |   4 |  817.2 |
       Dungeon |   3269 |   3148 |    121 |    483 |   2250 |   4 |  817.2 |
               +--------+--------+--------+--------+--------+-----+--------+

Top non-repeatable levels by time:
     D:3: 1604 daAuts
     D:2: 971 daAuts
     D:1: 662 daAuts
     D:4: 31 daAuts
